General information
- name: 1v1 obs game
- type: Custom game
- host: okGo
- saver: angel-legna
map: SecretValley
- players: 10
- length: 17:13
- speed: Fast
- version: 1.26 W3XP
- replay type: Public
» download(130 KB)
Players
team 1 (winner)
angel-legna (
blue | 126 APM | 2173 actions | 17:13)
5 Blademaster
3 Wind Walk
2 Critical Strike
5 Tauren Chieftain
3 Endurance Aura
2 War Stomp
» actions
| Assign group hotkey | 69 | |
| Basic commands | 4 | |
| Build / train | 62 | |
| Enter build submenu | 14 | |
| Enter hero's abilities submenu | 10 | |
| Give item / drop item | 4 | |
| Right click | 750 | |
| Select / deselect | 668 | |
| Select group hotkey | 458 | |
| Use ability | 134 | |
2173 total
» units
| Peon | 7 | |
| Grunt | 11 | |
| Raider | 7 | |
| Spirit Walker | 6 | |
| Kodo Beast | 2 | |
33 total
» upgrades
| Berserker Strength | 1 | |
| Ensnare | 1 | |
| Spirit Walker Training | 1 | |
| Melee Weapons | 1 | |
4 total
» buildings
| Altar of Storms | 1 | |
| Orc Burrow | 6 | |
| Barracks | 1 | |
| Voodoo Lounge | 1 | |
| Stronghold | 1 | |
| Beastiary | 1 | |
| Spirit Lodge | 1 | |
| War Mill | 1 | |
| Great Hall | 1 | |
14 total
» build order
00:04 Altar of Storms
00:17 Orc Burrow
00:32 Barracks
01:23 Orc Burrow
01:47 Voodoo Lounge
03:21 Stronghold
04:22 Orc Burrow
05:42 Beastiary
06:19 Spirit Lodge
07:43 War Mill
07:46 Orc Burrow
08:44 Great Hall
11:46 Orc Burrow
12:17 Orc Burrow
» items
| Healing Salve | 5 | |
| Boots of Speed | 1 | |
| Staff of Teleportation | 1 | |
| Potion of Healing | 1 | |
| Lesser Clarity Potion | 3 | |
11 total
team 2 (loser)
13vnR (
orange | 157 APM | 2698 actions | 17:11)
3 Death Knight
2 Death Coil
1 Unholy Aura
2 Lich
1 Frost Armor
1 Frost Nova
» actions
| Assign group hotkey | 58 | |
| Basic commands | 1 | |
| Build / train | 56 | |
| ESC pressed | 5 | |
| Enter build submenu | 12 | |
| Enter hero's abilities submenu | 5 | |
| Give item / drop item | 2 | |
| Right click | 1274 | |
| Select / deselect | 299 | |
| Select group hotkey | 886 | |
| Use ability | 100 | |
2698 total
» units
| Acolyte | 2 | |
| Ghoul | 7 | |
| Crypt Fiend | 11 | |
| Obsidian Statue | 5 | |
25 total
» upgrades
| Creature Attack | 2 | |
| Destroyer Form | 1 | |
| Web | 1 | |
4 total
» buildings
| Ziggurat | 3 | |
| Crypt | 1 | |
| Altar of Darkness | 1 | |
| Tomb of Relics | 3 | |
| Graveyard | 1 | |
| Nerubian Tower | 1 | |
| Halls of the Dead | 1 | |
| Black Citadel | 1 | |
| Slaughterhouse | 1 | |
| Spirit Tower | 1 | |
14 total
» build order
00:10 Ziggurat
00:11 Crypt
00:48 Altar of Darkness
01:00 Ziggurat
01:19 Tomb of Relics
01:21 Tomb of Relics
01:54 Graveyard
02:08 Nerubian Tower
03:13 Halls of the Dead
05:06 Ziggurat
06:03 Black Citadel
10:22 Slaughterhouse
13:03 Spirit Tower
14:23 Tomb of Relics
» items
| Rod of Necromancy | 1 | |
| Dust of Appearance | 2 | |
| Potion of Mana | 1 | |
| Scroll of Town Portal | 4 | |
| Potion of Healing | 6 | |
| Orb of Corruption | 1 | |
15 total
observersokGo,
Zahnbelag,
MEssence,
Grenn_Bad-Boy,
WooHoo.I(oO)Win,
PEPSI_MAX,
BLACK-WIZARD-FR,
bAmbiii Chat log
(11:07 / All) 13vnR: mh*
(11:21 / All) 13vnR: bad on a cg
(11:33 / All) angel-legna: i dont hack
(11:39 / All) 13vnR: blabla
(11:43 / All) 13vnR: play on a ban
(14:28 / All) 13vnR: eto shit hacker
(14:34 / All) angel-legna: leave nooby
(14:35 / All) 13vnR: burn in hell
(14:44 / All) 13vnR: with you famikly
(14:46 / All) 13vnR: family
(14:52 / All) 13vnR: die in a car crash
(15:48 / All) 13vnR: ofc
(17:04 / All) 13vnR: blya hacker
(17:07 / All) angel-legna: blalba
(17:09 / All) angel-legna: no hack
(17:11 / All) 13vnR: die die die and die